 Dungeon Crawl Stone Soup version 0.17.0-25-gefc9c12 (webtiles) character file.

46 graki42 the Sneak (level 3, -2/16 HPs)
             Began as a Vine Stalker Enchanter on Nov 18, 2015.
             Slain by an adder (5 damage)
             ... on level 2 of the Dungeon.
             The game lasted 00:06:28 (1189 turns).

graki42 the Sneak (Vine Stalker Enchanter)          Turns: 1189, Time: 00:06:28

Health: -2/16      AC:  3    Str: 10    XL:     3   Next: 68%
Magic:  0/8        EV: 12    Int: 15    God:
Gold:   112        SH:  0    Dex: 15    Spells: 3 memorised, 1 level left

rFire  . . .     SeeInvis .     a - +1 dagger
rCold  . . .     Clarity  .     b - +1 robe
rNeg   . . .     SustAt   .     (no shield)
rPois  .         Gourm    .     (no helmet)
rElec  .         Spirit   +     (no cloak)
rCorr  .         Warding  .     (no gloves)
rMut   .         Stasis   .     (no boots)
MR     .....                    (no amulet)
Stlth  +++.......               (no ring)
                                (no ring)

@: lethally poisoned (-2 -> -3), not resistant to hostile enchantments, fairly
stealthy
A: fangs 2, regeneration 1, magic shield, antimagic bite, no device heal 3, rot
immunity
a: no special abilities


You were on level 2 of the Dungeon.
You were not hungry.

You visited 1 branch of the dungeon, and saw 2 of its levels.

You collected 112 gold pieces.

Inventory:

Hand Weapons
 a - a +1 dagger (weapon)
Missiles
 o - 6 needles of confusion
Armour
 b - a +1 robe (worn)
Jewellery
 n - an uncursed ring of flight {unknown}
Scrolls
 j - 3 scrolls of remove curse {unknown}
 k - a scroll of amnesia {unknown}
 l - 2 scrolls of teleportation {unknown}
Potions
 e - a potion of resistance {unknown}
 g - a potion of curing {unknown}
 h - a potion of experience {unknown}
 m - a potion of haste {unknown}
Books
 c - a book of Maledictions

   Spells                             Type                      Level
   a - Corona                         Hexes                        1
   b - Ensorcelled Hibernation        Hexes/Ice                    2
   c - Confuse                        Hexes                        3
   d - Tukima's Dance                 Hexes                        3
   e - Dazzling Spray                 Conjuration/Hexes            3
Comestibles
 d - 2 bread rations
 f - 3 fruits
 i - 2 meat rations
 p - 2 chunks of flesh


   Skills:
 + Level 1.0 Short Blades
 + Level 1.7 Dodging
 + Level 4.5 Stealth
 + Level 2.7 Spellcasting
 + Level 3.3 Hexes
 + Level 0.4 Ice Magic


You had one spell level left.
You knew the following spells:

 Your Spells              Type           Power        Failure   Level  Hunger
a - Corona                Hex            ##.....      6%          1    #......
b - Ensorcelled Hibernat  Hex/Ice        #.....       14%         2    ##.....
c - Dazzling Spray        Conj/Hex       #.......     34%         3    ###....


Dungeon Overview and Level Annotations

Branches:
Dungeon (2/15)

Altars:


Innate Abilities, Weirdness & Mutations

You have extremely sharp teeth.
Your natural rate of healing is unusually fast.
When hurt, damage is shared between your health and your magic reserves.
Your bite disrupts and absorbs the magic of your enemies.
Potions and wands cannot restore your health.
You are immune to rotting.


Message History

You hit the adder. Your bite misses the adder.
The adder is severely wounded.
The adder barely misses you. x2
Casting: Ensorcelled Hibernation
Confirm with . or Enter, or press ? or * to list all spells.
Aiming: Corona
Press: ? - help, Shift-Dir - straight line, f/p - adder
Aim: an adder (heavily wounded, chance to defeat MR: 57%)
The adder is outlined in light.
The adder closely misses you.
You barely miss the adder. Your bite misses the adder.
The adder is heavily wounded.
You feel sick. The adder bites you.
* * * LOW HITPOINT WARNING * * *
You hit the adder. Your bite misses the adder.
The adder is severely wounded.
The adder bites you but does no damage.
You barely miss the adder. Your bite misses the adder.
The adder is severely wounded.
The adder bites you.
You die...

.....########...
##.....
.....##.........#
#.......
†....##.........#
........
.....##.........#
........
................#
..#...##
................# .
###+
.....##.........###+#
....###.............#
#..###.....$....@S.#
#####...........##.#
#............##$##
#....###.........#
##...# #.........#
##..# #...†.....#
##.............#
#...............
............$...


You could see an adder.

Vanquished Creatures
  An ooze (D:1)
  A worm (D:1)
  2 giant geckos (D:1)
  3 bats
  2 giant cockroaches (D:1)
  3 hobgoblins (D:1)
  3 kobolds (D:1)
  4 giant newts (D:1)
  8 jackals
  10 rats
37 creatures vanquished.

Notes
Turn   | Place    | Note
--------------------------------------------------------------
     0 | D:1      | graki42 the Vine Stalker Enchanter began the quest for the Orb.
     0 | D:1      | Reached XP level 1. HP: 9/9 MP: 4/4
   166 | D:1      | Reached XP level 2. HP: 13/13 MP: 1/6
   170 | D:1      | Learned a level 2 spell: Ensorcelled Hibernation
   554 | D:1      | Reached skill level 4 in Stealth
   737 | D:1      | Reached XP level 3. HP: 16/16 MP: 7/7
   742 | D:1      | Learned a level 3 spell: Dazzling Spray
  1156 | D:2      | Reached skill level 1 in Short Blades
  1189 | D:2      | Slain by an adder

Action                   || total
-------------------------++-------
Melee: Dagger            ||    79
 Cast: Corona            ||    10
       Ensorcelled Hiber ||    18
       Dazzling Spray    ||     1
 Stab: Sleeping          ||    24
       Invisible         ||     1
  Eat: Chunk             ||     3
